 Dungeon Crawl Stone Soup version 0.25-a0-657-ge95d391c20 (webtiles) character file.

Game seed: 843200060086222461, levelgen mode: deterministic

107 darkraptor the Chopper (level 4, 0/38 HPs)
             Began as a Minotaur Gladiator on Mar 22, 2020.
             Slain by a worker ant (4 damage)
             ... on level 4 of the Dungeon.
             The game lasted 00:07:21 (1013 turns).

darkraptor the Chopper (Minotaur Gladiator)         Turns: 1013, Time: 00:07:25

Health: 0/38       AC:  4    Str: 19    XL:     4   Next: 57%
Magic:  3/3        EV: 13    Int:  5    God:
Gold:   64         SH:  0    Dex: 12    Spells: 3/3 levels left

rFire    . . .     SeeInvis .   a - +0 war axe
rCold    . . .     Gourm    .   (no shield)
rNeg     . . .     Faith    .   e - +0 leather armour
rPois    .         Spirit   .   c - +0 hat
rElec    .         Reflect  .   (no cloak)
rCorr    .         Harm     .   (no gloves)
MR       .....                  i - +0 pair of boots
Stlth    +.........             (no amulet)
HPRegen  0.12/turn              (no ring)
MPRegen  0.08/turn              (no ring)

@: no status effects
A: retaliatory headbutt, horns 2
a: no special abilities


You were on level 4 of the Dungeon.
You were not hungry.

You visited 1 branch of the dungeon, and saw 4 of its levels.

You collected 64 gold pieces.

Inventory:

Hand Weapons
 a - a +0 war axe (weapon)
Missiles
 d - 3 throwing nets (quivered)
 g - 8 javelins
Armour
 b - a +0 leather armour
 c - a +0 hat (worn)
 e - a +0 leather armour (worn)
 i - a +0 pair of boots (worn)
Scrolls
 j - a scroll of fog {unknown}
Potions
 h - a potion of curing {unknown}
Comestibles
 f - 3 rations


   Skills:
 + Level 3.4 Fighting
 + Level 4.7 Axes
 + Level 2.2 Throwing
 + Level 2.3 Armour
 + Level 3.8 Dodging
 + Level 0.1 Stealth


You had 3 spell levels left.
You didn't know any spells.
Your spell library was empty.

Dungeon Overview and Level Annotations

Branches:
Dungeon (4/15)
 Temple: D:4-7

Altars:

Annotations:
D:4 Edmund


Innate Abilities, Weirdness & Mutations

You reflexively headbutt those who attack you in melee.
You have a pair of horns on your head.


Message History

A worker ant comes into view.
There is a stone staircase leading up here.
The worker ant twitches its antennae in your direction.
Edmund the Younger comes into view.
He is wielding a +2 flail of holy wrath and wearing a +3 ring mail of positive energy.
Found a scroll labeled REKKEJUDUU.
The worker ant misses you.
Found 31 stones.
You closely miss the worker ant. The worker ant closely misses you.
Edmund drinks a potion.
Edmund goes berserk!
You slash the worker ant!
The worker ant is almost dead.
You hit Edmund but do no damage. The worker ant bites you.
Edmund hits you with a +2 flail of holy wrath!
You hit the worker ant but do no damage.
The worker ant is almost dead.
You hit Edmund.
Edmund hits you with a +2 flail of holy wrath!
* * * LOW HITPOINT WARNING * * *
The worker ant barely misses you. The worker ant bites you.
You die...

.......#...............#
..>............).)....##
#..#...#.....^.#<.....#
#....##.<###.##..)....#
....##..####..#.##....##
#.......................
............###.##.....#
............# #.#......#
......a@....# #.#.......
..?...@(...........####.
............#.####.# .
............... .. .
..........?#.## ##.
..........##.#
......#.#.. #
.#...##(##..


You could see Edmund (berserk) and a worker ant.

Vanquished Creatures
  A hound (D:4)
  5 adders
  An ooze (D:4)
  A leopard gecko (D:3)
  4 orcs
  4 giant cockroaches
  A goblin (D:1)
  2 hobgoblins (D:1)
  A kobold (D:3)
  2 bats
  A frilled lizard (D:1)
  2 rats
25 creatures vanquished.

Notes
Turn   | Place    | Note
-------+----------+-------------------------------------------
     0 | D:1      | darkraptor the Minotaur Gladiator began the quest for the
                  | Orb.
     0 | D:1      | Reached XP level 1. HP: 18/18 MP: 0/0
   249 | D:1      | Reached XP level 2. HP: 25/25 MP: 1/1
   607 | D:3      | Reached skill level 4 in Axes
   612 | D:3      | Reached XP level 3. HP: 11/31 MP: 2/2
   700 | D:3      | Reached skill level 1 in Armour
   981 | D:4      | Reached XP level 4. HP: 29/38 MP: 3/3
  1007 | D:4      | Noticed Edmund
  1013 | D:4      | Slain by a worker ant

Levels and vault maps discovered:
D:1:      minmay_arrival_up_and_down, layout_basic
D:2:      layout_basic
D:3:      layout_rooms, first_ration, uniq_terence
D:4:      layout_rooms, uniq_edmund, uniq_robin, uniq_grinder

Skill      XL: |  1  2  3 |
---------------+----------+-----
Axes           | 4 |  4.7
Fighting       | 3 |  3.4
Armour         | 2 |  2.3
Throwing       | |  2.2
Dodging        | |  3.8
Stealth        | |  0.1

Action                   |  1- 3 |  4- 6 || total
-------------------------+-------+-------++-------
Melee: War axe           |    36 |     9 ||    45
       Headbutt          |     5 |     1 ||     6
  Use: Scroll            |     1 |       ||     1
Armor: Leather armour    |    18 |     2 ||    20
Dodge: Dodged            |    53 |    11 ||    64

Table legend:
 A = Non-vault XP
 B = Vault XP
 C = Vault XP percentage of total XP
 D = Non-vault monster count
 E = Vault monster count
 F = Vault count percentage of total count
                 A         B        C        D         E       F
            +---------+---------+-------+---------+---------+-------
      Total |     154 |       0 |   0.0 |      25 |       0 |   0.0
            +---------+---------+-------+---------+---------+-------
        D:1 |      13 |       0 |   0.0 |       8 |       0 |   0.0
        D:3 |      64 |       0 |   0.0 |      10 |       0 |   0.0
        D:4 |      77 |       0 |   0.0 |       7 |       0 |   0.0
            +---------+---------+-------+---------+---------+-------
